 Dungeon Crawl Stone Soup version 0.30-a0-385-gfebfb9b408 (webtiles) character file.

Game seed: 6837344803618216411

11375 ragingrage the Marksdraconian (level 11, -9/79 HPs)
             Began as a Yellow Draconian Hunter on Dec 2, 2022.
             Was an Elder of Hepliaklqana.
             Mangled by a two-headed ogre
             ... wielding a +0 giant club
              (22 damage)
             ... on level 11 of the Dungeon.
             The game lasted 00:14:42 (9633 turns).

ragingrage the Marksdraconian (DrHu)                Turns: 9633, Time: 00:14:43

Health: -9/79      AC: 10    Str: 13    XL:     11   Next: 48%
Magic:  10/13      EV: 13    Int: 10    God:    Hepliaklqana [****..]
Gold:   335        SH:  0    Dex: 19    Spells: 10/10 levels left

rFire   + . .      SeeInvis .    y - +0 arbalest
rCold   . . .      Faith    .    (shield currently unavailable)
rNeg    . . .      Spirit   .    (body armour unavailable)
rPois   .          Reflect  .    d - +0 hat
rElec   .          Harm     .    q - +0 cloak
rCorr   +          Rampage  .    H - +0 pair of gloves
Will    +....                    g - +0 pair of boots
Stlth   ++........               J - amulet of regeneration
HPRegen 1.13/turn                i - ring of willpower
MPRegen 0.13/turn                f - ring of protection from fire

@: no status effects
A: reduced essence, spit acid, AC +7, unfitting armour, cold-blooded, acid
resistance
a: Breathe Acid, Renounce Religion, Recall Ancestor, Ancestor Identity,
Transference, Idealise


You were on level 11 of the Dungeon.
You worshipped Hepliaklqana.
Hepliaklqana was greatly pleased with you.
You visited 1 branch of the dungeon, and saw 11 of its levels.

You collected 815 gold pieces.
You spent 480 gold pieces at shops.

Inventory:

Hand Weapons
 b - the +8 trident of the Octopus King {venom, rElec rPois}
   (You found it on level 9 of the Dungeon)

   It poisons the flesh of those it strikes.
   rElec:     It insulates you from electricity.
   rPois:     It protects you from poison.
 y - a +0 arbalest (weapon)
Missiles
 F - 2 throwing nets
 K - 10 poisoned darts
Armour
 d - a +0 hat (worn)
 g - a +0 pair of boots (worn)
 q - a +0 cloak (worn)
 H - a +0 pair of gloves (worn)
Jewellery
 f - a ring of protection from fire (right hand)
 i - a ring of willpower (left hand)
 J - an amulet of regeneration (around neck)
Wands
 c - a wand of polymorph (8)
 z - a wand of paralysis (7)
 A - a wand of flame (28)
 E - a wand of roots (8)
 I - a wand of mindburst (20)
Scrolls
 e - 4 scrolls of teleportation
 l - 2 scrolls of noise {unknown}
 o - 4 scrolls of enchant armour
 p - 2 scrolls of poison
 r - 7 scrolls of identify
 s - a scroll of fear {unknown}
 t - 3 scrolls of enchant weapon
 u - 4 scrolls of butterflies
 v - 2 scrolls of amnesia {unknown}
 w - a scroll of brand weapon {unknown}
 M - a scroll of magic mapping {unknown}
 N - 2 scrolls of immolation
Potions
 a - a potion of magic {unknown}
 h - 3 potions of attraction {unknown}
 j - 2 potions of mutation {unknown}
 k - 2 potions of ambrosia
 m - 3 potions of flight
 n - 7 potions of heal wounds
 x - a potion of resistance {unknown}
 B - 2 potions of degeneration {unknown}
 C - a potion of cancellation {unknown}
 D - a potion of berserk rage
 G - 3 potions of lignification {unknown}
 L - a potion of might {unknown}
 O - a potion of brilliance {unknown}


   Skills:
 - Level 5.6 Fighting
 * Level 17.3 Ranged Weapons
 - Level 3.4 Dodging
 - Level 0.8 Stealth
 - Level 3.2 Invocations
 - Level 2.9 Evocations


You had 10 spell levels left.
You didn't know any spells.
Your spell library contained the following spells:

 Spells                   Type           Power      Damage    Failure   Level
 Blink                    Tloc           0%         N/A       50%         2
 Static Discharge         Conj/Air       0%         2-2/arc   50%         2
 Frozen Ramparts          Ice            0%         1d1       75%         3
 Vhi's Electric Charge    Tloc/Air       0%         N/A       75%         3
 Anguish                  Hex/Necr       0%         N/A       98%         4
 Ice Form                 Ice/Tmut       0%         N/A       98%         4
 Manifold Assault         Tloc           0%         N/A       98%         4
 Summon Ice Beast         Ice/Summ       0%         N/A       98%         4
 Arcjolt                  Conj/Air       0%         1d10      100%        5
 Lightning Bolt           Conj/Air       0%         1d11      100%        5
 Enfeeble                 Hex            0%         N/A       100%        7
 Storm Form               Tmut/Air       0%         N/A       100%        7


Dungeon Overview and Level Annotations

Branches:
Dungeon (11/15)            Temple (0/1) D:7
   Lair: D:8-11         Orc: D:9-12

Altars:
Dithmenos
Hepliaklqana
Makhleb
Vehumet
Wu Jian
Xom
Lugonu

Shops:
D:3 =   D:8 =   D:9 [   D:10 [


Innate Abilities, Weirdness & Mutations

Your life essence is reduced to manifest your ancestor. (-10% HP)
You can spit globs of acid.
Your golden yellow scales are hard. (AC +7)
You cannot fit into any form of body armour.
You are cold-blooded and may be slowed by cold attacks.
You are resistant to acid. (rCorr)


Message History

The grasping roots constrict the gargoyle.
The grasping roots constrict the two-headed ogre.
You hear a shout!
You hear a bellow!
You hear a horrible gurgling sound!
Tiamat is no longer covered in acid.
The two-headed ogre struggles to escape constriction.
Tiamat hits the gargoyle with a +0 flail!
An orc wizard comes into view.
It is wielding a staff of earth and wearing a +2 robe of fire resistance.
The ogre mage casts a spell.
The ogre mage flickers and vanishes!
Deactivating autopickup; reactivate with Ctrl-A.
The gargoyle hurls a stone arrow at you.
The stone arrow hits you!!
Unknown command.
Unknown command.
Unknown command.
Fire: y) +0 arbalest
Press: ? - help, Q - select action, (/) - cycle Shift-Dir - straight line, f/p - two-headed ogre
Aim: a two-headed ogre, wielding a +0 giant club and a +0 dire flail (lightly wounded, fast, constricted by roots, 94% to hit)
You shoot a bolt. The bolt hits the two-headed ogre!
The two-headed ogre is moderately wounded.
The grasping roots constrict the gargoyle, but do no damage.
The grasping roots constrict the two-headed ogre!
The roots release their grip on the two-headed ogre.
Tiamat hits the gargoyle with a +0 flail.
The two-headed ogre hits you with a +0 giant club!
The two-headed ogre misses you.
The gargoyle escapes!
Aiming: Fastroot
Press: ? - help, Shift-Dir - straight line, f/p - two-headed ogre
Aim: a two-headed ogre, wielding a +0 giant club and a +0 dire flail (moderately wounded, fast)
The roots erupt in riotous growth!
Roots grab the two-headed ogre.
Roots grab the gargoyle.
The grasping roots constrict the gargoyle.
The grasping roots constrict the two-headed ogre.
You hear an angry hiss.
Tiamat hits the gargoyle with a +0 flail!
The gargoyle is destroyed!
The two-headed ogre hits you with a +0 giant club!!
* * * LOW HITPOINT WARNING * * *
The two-headed ogre hits you with a +0 dire flail!!
You die... .# #..## .# #..# [# l #..# .# #. #.## .# ?H9

#.## .# #.) .. #..#
.# ..... #..#
.########.########..#
...........l†R)O@..##
.............h.#####
.............###
#............#
###....†.....#
##.........#
##........#
###)..#..# ##..##


You could see the friendly Tiamat the knight (idealised), a two-headed ogre
(fast, rooted), a komodo dragon and a howler monkey.

Vanquished Creatures
  A two-headed ogre (D:9)
  A deep elf pyromancer (D:10)
  An unseen horror (D:11)
  A kobold demonologist (D:10)
  A troll (D:10)
  Grinder (D:3)
  Sigmund (D:3)
  5 wyverns
  4 yaks
  Eustachio (D:4)
  3 vampire mosquitoes (D:11)
  A steam dragon (D:6)
  2 water moccasins
  A black bear (D:4)
  4 centaurs
  2 kobold brigands
  A gnoll sergeant (D:3)
  2 bullfrogs (D:8)
  A cane toad simulacrum (D:11)
  A scorpion (D:5)
  3 killer bees (D:11)
  2 vampire bats (D:5)
  An electric eel (D:6)
  2 howler monkeys
  A crimson imp (D:3)
  3 hounds
  A jelly (D:6)
  4 orc priests
  2 gnoll boudas
  Jessica (D:3)
  3 orc wizards (D:8)
  4 iguanas
  Natasha (thrice) (D:2)
  6 adders
  28 gnolls
  2 white imps
  4 worms
  3 dart slugs
  37 orcs
  10 bats
  8 endoplasms
  3 giant cockroaches
  2 goblins
  4 hobgoblins
  8 jackals (D:3)
  5 quokkas
  5 ball pythons
  3 frilled lizards
  17 kobolds
  6 rats
216 creatures vanquished.

Vanquished Creatures (collateral kills)
  2 two-headed ogres
  Pikel (D:5)
  A manticore (D:11)
  A gargoyle (D:11)
  2 kobold demonologists (D:10)
  A wyvern (D:8)
  4 yaks
  A fire bat (shapeshifter) (D:11)
  A steam dragon (D:9)
  3 vampire mosquitoes (D:11)
  An orc warrior (D:10)
  A centaur (D:10)
  An ogre (D:5)
  2 necrophages
  A scorpion (D:7)
  A gnoll sergeant (D:8)
  2 killer bees (D:11)
  A hound (D:3)
  2 jellies
  A gnoll bouda (D:3)
  2 orc priests
  3 iguanas
  3 orc wizards
  2 adders
  11 gnolls
  10 orcs
  5 bats (D:5)
  2 jackals (D:3)
  A kobold (D:10)
69 creatures vanquished.

Vanquished Creatures (others)
  3 knights
  An ancestor (D:6)
  3 demonic plants (D:10)
  4 plants
11 creatures vanquished.

Grand Total: 296 creatures vanquished

Notes
Turn   | Place    | Note
-------+----------+-------------------------------------------
     0 | D:1      | ragingrage the Draconian Hunter began the quest for the
                  | Orb.
     0 | D:1      | Reached XP level 1. HP: 17/17 MP: 1/1
   177 | D:1      | Reached skill level 4 in Ranged Weapons
   214 | D:1      | Reached XP level 2. HP: 24/24 MP: 2/2
   575 | D:2      | Noticed Natasha
   654 | D:2      | Found a hazy altar of Hepliaklqana.
   671 | D:2      | Became a worshipper of Hepliaklqana the Forgotten
   800 | D:2      | Reached XP level 3. HP: 29/29 MP: 3/3
   876 | D:2      | Killed Natasha
   877 | D:2      | Reached skill level 5 in Ranged Weapons
   947 | D:2      | Reached XP level 4. HP: 36/36 MP: 4/4
   981 | D:2      | Noticed Natasha
   985 | D:2      | Killed Natasha
  1027 | D:2      | Noticed Natasha
  1042 | D:2      | Killed Natasha
  1284 | D:3      | Found Zogg's Jewellery Shoppe.
  1292 | D:3      | Noticed Sigmund
  1309 | D:4      | Reached XP level 5. HP: 34/41 MP: 5/5
  1314 | D:4      | Found a glowing drain.
  1314 | D:4      | Noticed Grinder
  1551 | D:3      | Found a burning altar of Makhleb.
  1559 | D:3      | Reached skill level 6 in Ranged Weapons
  1973 | D:3      | Killed Grinder
  1974 | D:3      | Reached skill level 7 in Ranged Weapons
  1974 | D:3      | Reached XP level 6. HP: 42/48 MP: 6/6
  2397 | D:3      | Found a shimmering altar of Xom.
  2453 | D:4      | Your scales start taking on a golden yellow colour.
  2453 | D:4      | Reached XP level 7. HP: 51/55 MP: 7/7
  2453 | D:4      | Gained mutation: You are resistant to acid. (rCorr) [Yellow
                  | Draconian growth]
  2532 | D:4      | Reached * piety under Hepliaklqana
  2534 | D:4      | Found a radiant altar of Vehumet.
  2568 | D:4      | Reached skill level 8 in Ranged Weapons
  2717 | D:4      | You fall into a shaft and drop 3 floors!
  2927 | D:6      | Noticed a steam dragon
  3015 | D:6      | Killed a steam dragon
  3066 | D:6      | Reached skill level 9 in Ranged Weapons
  3174 | D:6      | Noticed a wyvern
  3179 | D:6      | Killed a wyvern
  3180 | D:6      | Reached XP level 8. HP: 45/54 MP: 8/8
  3208 | D:5      | Entered Level 5 of the Dungeon
  3350 | D:4      | Noticed Eustachio
  3357 | D:4      | Killed Eustachio
  3358 | D:4      | Reached skill level 10 in Ranged Weapons
  3501 | D:4      | Reached ** piety under Hepliaklqana
  3502 | D:4      | Remembered your ancestor Tiamat as a knight
  3608 | D:4      | Noticed Pikel
  3979 | D:5      | Reached skill level 11 in Ranged Weapons
  4303 | D:5      | Reached XP level 9. HP: 60/60 MP: 9/9
  4970 | D:7      | Found a staircase to the Ecumenical Temple.
  5236 | D:7      | Reached *** piety under Hepliaklqana
  5522 | D:7      | Reached skill level 12 in Ranged Weapons
  5523 | D:7      | Identified a scroll of acquirement
  5525 | D:7      | Acquired a manual of Ranged Weapons
  5860 | D:8      | Noticed a two-headed ogre
  6014 | D:5      | Killed Pikel
  6015 | D:5      | Reached skill level 13 in Ranged Weapons
  6410 | D:3      | Noticed Jessica
  6417 | D:3      | Killed Jessica
  6622 | D:3      | Reached skill level 14 in Ranged Weapons
  6677 | D:3      | Killed Sigmund
  7324 | D:8      | Reached XP level 10. HP: 65/65 MP: 10/10
  7357 | D:8      | Found Extouhao's Jewellery Shop.
  7370 | D:8      | Bought an amulet of regeneration for 480 gold pieces
  7406 | D:8      | Reached skill level 15 in Ranged Weapons
  7705 | D:8      | Killed a two-headed ogre
  7706 | D:8      | Reached skill level 16 in Ranged Weapons
  7912 | D:9      | Found Firgh's Armour Shop.
  8128 | D:9      | Found a shadowy altar of Dithmenos.
  8128 | D:9      | Found the +8 trident of the Octopus King {venom, rElec
                  | rPois}
  8128 | D:9      | Found an ornate altar of the Wu Jian Council.
  8347 | D:9      | Reached skill level 1 in Invocations
  8347 | D:9      | Reached skill level 1 in Evocations
  8381 | D:9      | Reached **** piety under Hepliaklqana
  8608 | D:9      | Noticed a two-headed ogre
  8616 | D:9      | Killed a two-headed ogre
  8639 | D:10     | Entered Level 10 of the Dungeon
  8706 | D:10     | Noticed a deep elf pyromancer
  8711 | D:10     | Killed a deep elf pyromancer
  8775 | D:10     | Found a corrupted altar of Lugonu.
  8782 | D:10     | Found Kuqa's Antique Armour Shop.
  8791 | D:10     | Noticed a soul eater
  8875 | D:10     | Reached skill level 5 in Fighting
  9012 | D:10     | Reached XP level 11. HP: 62/79 MP: 13/13
  9431 | D:11     | Noticed a two-headed ogre
  9435 | D:11     | Killed a two-headed ogre
  9529 | D:11     | Reached skill level 17 in Ranged Weapons
  9624 | D:11     | Noticed a two-headed ogre
  9627 | D:11     | Noticed an ogre mage
  9633 | D:11     | Mangled by a two-headed ogre

Illustrated notes

Levels and vault maps discovered:
D:1:      roderic_dead_forest, layout_rooms, bh_walls_and_bars
D:2:      layout_basic, basic_altar, minmay_cupped, uniq_natasha
D:3:      lemuel_castle_with_subvaults [lemuel_castle_interior_carwin_3],
          layout_basic, grunt_temple_overflow_champion_of_chaos, serial_shops,
          shop, uniq_sigmund, uniq_jessica
D:4:      layout_gridville, vehumet_crystals, cheibrodos_sewer_entry_drain,
          amcnicky_mini_rare_corridor_liquid, ebering_dispersal_statue_hall,
          uniq_grinder, uniq_eustachio, uniq_pikel
D:5:      layout_rooms, palyth_stone_intersect, roderic_batcave, minivault_25
D:6:      layout_loops_ring, abandoned_shop, minivault_14, minivault_22
D:7:      layout_cave_pods, minmay_temple_entry_waves
D:8:      layout_loops_cross, serial_shops, shop, nicolae_elevator_lobby_plus
D:9:      layout_basic, mainiacjoe_overflow_catwalk_spiral, serial_shops,
          nicolae_square_shop
D:10:     kennysheep_kobold_lugonu_temple, layout_cross, serial_shops, shop
D:11:     dreamdust_isle_of_ice, layout_cave_pods, erik_lair_island,
          serial_shops, nicolae_shop_advertising_works
          [nicolae_subvault_shop_adworks], minmay_the_grid_square_5x5_3x3_mashed
          [minmay_the_grid_square_5x5_meh,
          minmay_the_grid_square_5x5_half_checkered,
          minmay_the_grid_square_5x5_checkered_sparse,
          minmay_the_grid_square_5x5_slash,
          minmay_the_grid_square_5x5_megaprize_crossed,
          minmay_the_grid_square_5x5_three_walls,
          minmay_the_grid_square_5x5_two_small,
          minmay_the_grid_square_5x5_hourglass,
          minmay_the_grid_square_5x5_dogpile]

Skill      XL: |  1  2  3  4  5  6  7  8  9 10 11 |
---------------+----------------------------------+-----
Ranged Weapons | 4 5 7 9 11 14 16 17 | 17.3
Dodging        | 3 |  3.4
Fighting       | 5 |  5.6
Invocations    | 3 |  3.2
Evocations     | 2 |  2.9
Stealth        | |  0.8

Action                   |  1- 3 |  4- 6 |  7- 9 | 10-12 || total
-------------------------+-------+-------+-------+-------++-------
Melee: Unarmed           |       |     1 |       |       ||     1
 Fire: Shortbow          |   105 |   199 |   390 |   191 ||   885
       Arbalest          |       |       |       |    65 ||    65
Invok: Ancestor Identity |       |       |     2 |       ||     2
       Recall Ancestor   |       |       |     5 |     2 ||     7
       Ancestor Life: Kn |       |       |     1 |       ||     1
       Idealise          |       |       |       |     1 ||     1
 Abil: Breathe Acid      |       |       |     6 |     4 ||    10
Evoke: Wand              |       |       |       |     2 ||     2
  Use: Potion            |       |     3 |       |       ||     3
       Scroll            |       |       |     8 |     1 ||     9
Armor: Skin              |    20 |    36 |    42 |    13 ||   111
Dodge: Dodged            |    27 |    78 |    87 |    32 ||   224

Table legend: (Time is in decaauts)
 A = Elapsed time spent in this place.
 B = Non-inter-level travel time spent in this place.
 C = Inter-level travel time spent in this place.
 D = Time resting spent in this place.
 E = Time spent auto-exploring this place.
 F = Levels seen in this place.
 G = Mean time per level.
                   A        B        C        D        E       F      G
               +--------+--------+--------+--------+--------+-----+--------+
         Total |   9641 |   8737 |    904 |    589 |   6347 |  11 |  876.5 |
       Dungeon |   9641 |   8737 |    904 |    589 |   6347 |  11 |  876.5 |
               +--------+--------+--------+--------+--------+-----+--------+

Top non-repeatable levels by time:
     D:3: 1686 daAuts
     D:7: 1106 daAuts
     D:5: 1017 daAuts
     D:4: 920 daAuts
     D:6: 897 daAuts
     D:9: 892 daAuts
     D:2: 779 daAuts
     D:8: 770 daAuts
     D:1: 659 daAuts
    D:10: 656 daAuts
    D:11: 255 daAuts
